AoeStats
← daniloangst

MegaRandom

510531056Analyzed
2v2 RM · 18h ago on Oct 1, 2026· 64m 57s· 4 players
Game mode
Random Map
Map size
Medium (4 player)
Population
200
Speed
Normal
Resources
Standard
Victory
Conquest
Starting age
Dark Age
Ending age
Imperial Age
RankedLock teamsTeams togetherTeam positionsShared explorationLock speedFull tech treeHidden civsTurbo modeCheats
Victory
Defeat
🇩🇪 Varangians · Germany
1207
+15
🇩🇪 Danes · Germany
1206
+15
🇨🇭 Britons · Switzerland
1194
-15
🇨🇭 Franks · Switzerland
1179
-15
Samen_Spender77
10:39 Feudal Age
11:12 Loom
15:33 Castle Age
14:10 Wheelbarrow
13:53 Double-Bit Axe
16:48 Bow Saw
21:30 Scale Barding Armor
23:31 Chain Barding Armor
23:37 Husbandry
24:53 Hand Cart
24:27 Pikeman
24:30 Man-at-Arms
24:56 Gambesons
25:14 Scale Mail Armor
26:18 Long Swordsman
31:09 Squires
30:54 Arson
33:32 Pikeman
34:48 Chain Mail Armor
34:43 Forging
39:14 Imperial Age
39:17 Two-Handed Swordsman
39:31 Capped Ram
40:08 Halberdier
41:23 Champion
43:49 Plate Mail Armor
44:00 Iron Casting
daniloangst
3:56 Loom
10:11 Feudal Age
19:41 Castle Age
17:31 Double-Bit Axe
18:00 Fletching
18:45 Scale Mail Armor
20:20 Padded Archer Armor
23:19 Man-at-Arms
26:31 Gambesons
28:28 Wheelbarrow
28:22 Town Watch
28:35 Long Swordsman
31:12 Bodkin Arrow
36:11 Imperial Age
34:39 Leather Archer Armor
36:33 Bow Saw
37:01 Chain Mail Armor
36:58 Bracer
36:48 Horse Collar
37:06 Elite Longbowman
39:25 Ballistics
40:25 Ring Archer Armor
40:47 Conscription
43:13 Yeomen
43:54 Plate Mail Armor
44:18 Hand Cart
44:15 Forging
45:25 Two-Man Saw
44:14 Pikeman
45:58 Chemistry
45:12 Squires
45:14 Halberdier
46:16 Elite Skirmisher
48:53 Hoardings
DeThLeFf
6:12 Loom
6:17 Loom
9:11 Feudal Age
9:48 Double-Bit Axe
11:46 Bloodlines
19:02 Castle Age
18:16 Scale Mail Armor
18:01 Horse Collar
19:49 Squires
20:04 Bow Saw
25:07 Town Watch
27:35 Chain Mail Armor
28:38 Arson
28:39 Gambesons
29:59 Wheelbarrow
30:42 Forging
33:22 Hand Cart
33:59 Iron Casting
33:29 Stone Mining
33:33 Gold Mining
38:13 Imperial Age
37:29 Husbandry
37:20 Treadmill Crane
37:50 Masonry
38:01 Ballistics
38:08 Heavy Plow
38:45 Stone Shaft Mining
39:28 Plate Mail Armor
39:21 Conscription
39:05 Gothikon
40:35 Siege Engineers
41:15 Scale Barding Armor
42:20 Chain Barding Armor
42:02 Capped Ram
42:13 Elite Jarl
43:41 Plate Barding Armor
43:14 Siege Ram
46:07 Blast Furnace
46:40 Guilds
47:09 Pikeman
51:52 Fletching
59:38 Town Patrol
63:52 Spies/Treason
Maho
8:40 Loom
10:26 Feudal Age
12:05 Double-Bit Axe
11:57 Man-at-Arms
15:35 Horse Collar
19:33 Castle Age
21:25 Gold Mining
21:57 Bow Saw
22:22 Bloodlines
23:24 Heavy Plow
28:41 Scale Barding Armor
28:47 Forging
29:41 Wheelbarrow
29:05 Stone Mining
29:25 Husbandry
29:57 Gambesons
31:07 Chain Barding Armor
35:22 Iron Casting
35:38 Scale Mail Armor
39:07 Ballistics
43:42 Fletching
43:53 Padded Archer Armor
47:50 Imperial Age
45:46 Leather Archer Armor
47:10 Gold Shaft Mining
47:10 Stone Shaft Mining
47:42 Ballistics
48:27 Elite Skirmisher
49:21 Bodkin Arrow
49:56 Ring Archer Armor
50:27 Elite Varangian Guard
52:12 Bracer
56:09 Heavy Mounted Crossbowman
56:45 Cranequins
63:10 Chemistry
64:44 Conscription
Connection lost

Rejoining the realm…

Still unreachable

The connection could not be restored.

Session expired

The server has moved on; the page needs a fresh start.